 Dungeon Crawl Stone Soup version 0.25.1-2-g60ff931df9 (webtiles) character file.

Game seed: 3345415413234066241

70 HawFromDerth the Ruffian (level 4, -5/35 HPs)
             Began as a Draconian Transmuter on Sept 21, 2020.
             Splashed by Ijyb's acid (13 damage)
             ... on level 2 of the Dungeon.
             The game lasted 00:05:05 (2283 turns).

HawFromDerth the Ruffian (Draconian Transmuter)     Turns: 2283, Time: 00:05:06

Health: -5/35      AC:  1    Str: 13    XL:     4   Next: 3%
Magic:  4/7        EV: 12    Int: 13    God:
Gold:   58         SH:  0    Dex: 12    Spells: 4/8 levels left

rFire    . . .     SeeInvis .     - Unarmed
rCold    . . .     Gourm    .   (no shield)
rNeg     . . .     Faith    .   (armour unavailable)
rPois    .         Spirit   .   (helmet restricted)
rElec    .         Reflect  .   (no cloak)
rCorr    .         Harm     .   (no gloves)
MR       .....                  (no boots)
Stlth    +.........             (no amulet)
HPRegen  0.11/turn              (no ring)
MPRegen  0.10/turn              (no ring)

@: appendage, corroded, very slightly contaminated
A: unfitting armour, horns 2, cold-blooded, AC +5
a: End Transformation


You were on level 2 of the Dungeon.
You were not hungry.
You had grown temporary horns.
You visited 1 branch of the dungeon, and saw 2 of its levels.

You collected 58 gold pieces.

Inventory:

Missiles
 a - 28 arrows
Scrolls
 d - 2 scrolls of remove curse {unknown}
 f - 2 scrolls of identify
 g - a scroll of random uselessness {unknown}
 j - a scroll of fear {unknown}
Potions
 b - 3 potions of curing
 e - 2 potions of haste {unknown}
 h - a potion of invisibility {unknown}
 k - a potion of degeneration {unknown}
Comestibles
 c - 2 chunks of flesh
 i - 2 rations


   Skills:
 + Level 1.3 Fighting
 + Level 2.2 Dodging
 + Level 0.5 Stealth
 + Level 3.6 Unarmed Combat
 + Level 2.5 Spellcasting
 + Level 2.6 Transmutations


You had 4 spell levels left.
You knew the following spells:

 Your Spells              Type           Power        Failure   Level  Hunger
a - Beastly Appendage     Tmut           #.....       9%          1    #......
b - Spider Form           Tmut/Pois      #.........   38%         3    ###....

Your spell library contained the following spells:

 Spells                   Type           Power        Failure   Level  Hunger
 Sticks to Snakes         Tmut           #.......     13%         2    ###....
 Ice Form                 Ice/Tmut       #.......     80%         4    #####..
 Blade Hands              Tmut           #.........   93%         5    ######.


Dungeon Overview and Level Annotations

Branches:
Dungeon (2/15)

Altars:

Annotations:
D:2 Ijyb


Innate Abilities, Weirdness & Mutations

Your plain brown scales are hard. (AC +5)
You cannot fit into any form of body armour.
You are cold-blooded and may be slowed by cold attacks.
You have a pair of horns on your head.


Message History

The goblin hits you but does no damage. The goblin hits you but does no damage.
The jackal bites you.
The jackal bites you but does no damage.
The jackal misses you.
You see here a whip.
The jackal closely misses you. The jackal barely misses you.
Ijyb screams, "Me very upset!"
The jackal completely misses you.
Casting: Spider Form (quite dangerous; 38% risk of failure)
Confirm with . or Enter, or press ? or * to list all spells.
You grow a pair of large bovine horns.
The jackal bites you but does no damage.
Ijyb zaps a wand.
The bolt of acid hits the jackal!!
The jackal is splashed with acid.
The acid corrodes the jackal!
The jackal dies!
The bolt of acid hits you!
* * * LOW HITPOINT WARNING * * *
The acid corrodes you!
You are splashed with acid!
You die...

####.....# #...#
#..#.###.#####g..#
#..#.#......gg.#.#
#..#.#.#.#####.#.#
#..#.#.#g# #.#.#
#......#.#####.#.#
##.##.#.........#.#
#.....#.#g#######.#
#######.#..g...@..#
######.###########
#..............
#.####.######## ####
#.######## #.. #........#
# #.# ########.#
#.########.##
#......#.#####...........)
#......#.#..............##


You could see Ijyb and a goblin.

Vanquished Creatures
  An adder (D:2)
  An ooze (D:1)
  2 worms (D:2)
  2 dart slugs (D:1)
  A leopard gecko (D:1)
  3 giant cockroaches (D:1)
  8 goblins
  3 hobgoblins
  4 jackals
  6 kobolds
  6 bats
  2 frilled lizards (D:1)
  5 rats
44 creatures vanquished.

Vanquished Creatures (others)
  A jackal (D:2)
1 creature vanquished.

Grand Total: 45 creatures vanquished

Notes
Turn   | Place    | Note
-------+----------+-------------------------------------------
     0 | D:1      | HawFromDerth the Draconian Transmuter began the quest for
                  | the Orb.
     0 | D:1      | Reached XP level 1. HP: 16/16 MP: 3/3
   321 | D:1      | Reached XP level 2. HP: 23/23 MP: 5/5
   923 | D:1      | Reached XP level 3. HP: 28/28 MP: 4/6
  1741 | D:2      | Learned a level 3 spell: Spider Form
  2225 | D:2      | Reached XP level 4. HP: 34/35 MP: 3/7
  2225 | D:2      | Noticed Ijyb
  2283 | D:2      | Splashed by Ijyb's acid

Illustrated notes

Levels and vault maps discovered:
D:1:      dpeg_arrival_circle_labyrinth_c, layout_loops_ring
D:2:      kennysheep_the_goblin_king, layout_basic, first_ration

Skill      XL: |  1  2 |
---------------+-------+-----
Dodging        | 2 |  2.2
Fighting       | |  1.3
Stealth        | |  0.5
Unarmed Combat | |  3.6
Spellcasting   | |  2.5
Transmutations | |  2.6

Action                   |  1- 3 |  4- 6 || total
-------------------------+-------+-------++-------
Melee: Unarmed           |   153 |     7 ||   160
       Kick              |    18 |       ||    18
       Tailslap          |    11 |     1 ||    12
       Punch             |     1 |       ||     1
       Headbutt          |    10 |       ||    10
 Cast: Beastly Appendage |    28 |     2 ||    30
       Spider Form       |     1 |       ||     1
  Use: Scroll            |     5 |       ||     5
  Eat: Ration            |     2 |       ||     2
       Chunk             |     1 |       ||     1
Armor: Skin              |    34 |    10 ||    44
Dodge: Dodged            |    94 |    18 ||   112
